 Dungeon Crawl Stone Soup version 0.23.0-3-gf3c87f2 (webtiles) character file.

Game seed: 15674520800787356144

255736 Monsterracer the Slayer (level 19, -9/289 HPs)
             Began as a Minotaur Berserker on Feb 23, 2019.
             Was the Champion of Trog.
             Mangled by a fire giant
             ... wielding a +0 great sword of flaming
              (26 damage)
             ... on level 4 of the Vaults on Feb 24, 2019.
             The game lasted 00:26:55 (25703 turns).

Monsterracer the Slayer (Minotaur Berserker)       Turns: 25703, Time: 00:26:57

Health: -9/289     AC: 30    Str: 38    XL:     19   Next: 5%
Magic:  6/6        EV: 17    Int:  4    God:    Trog [******]
Gold:   335        SH: 21    Dex: 12    Spells: 18/18 levels left

rFire    + . .     SeeInvis .   a - +7 broad axe (antimagic)
rCold    + . .     Gourm    .   y - +0 shield {rF+}
rNeg     . . .     Faith    .   Q - +7 chain mail "Jatinny" {Slay+6}
rPois    +         Spirit   .   w - +1 hat
rElec    +         Reflect  +   A - +2 cloak
rCorr    .         Harm     .   F - +2 pair of gloves
MR       +....                  (no boots)
Stlth    ..........             N - +6 amulet of reflection
HPRegen  0.58/turn              C - ring of protection from cold
MPRegen  0.10/turn              o - ring "Deffearo" {rElec rPois Str+3 Dex+2 Stlth+, =R}

@: berserking, very quick
A: retaliatory headbutt, horns 2
}: 2/15 runes: barnacled, gossamer
a: Berserk, Trog's Hand, Brothers in Arms, Renounce Religion


You were on level 4 of the Vaults.
You worshipped Trog.
Trog was exalted by your worship.
You were very hungry.

You visited 7 branches of the dungeon, and saw 35 of its levels.
You visited the Abyss 1 time.
You also visited: Bailey and Ice Cave.

You collected 2167 gold pieces.
You spent 1832 gold pieces at shops.


Innate Abilities, Weirdness & Mutations

You reflexively headbutt those who attack you in melee.
You have a pair of horns on your head.


   Skills:
 * Level 22.4 Fighting
 - Level 18.0 Axes
 + Level 18.6 Armour
 + Level 13.9 Dodging
 + Level 14.8 Shields


You had 18 spell levels left.
You didn't know any spells.
Your spell library was empty.

Inventory:

Hand Weapons
 a - a +7 antimagic broad axe (weapon)
   (Trog gifted it to you on level 1 of the Orcish Mines)
 b - the +12 war axe "Fesumug" {holy, rElec rPois MR- Int+8}
   (Trog gifted it to you on level 3 of the Shoals)

   It has been blessed by the Shining One to cause great damage to the undead
   and demons.
   It affects your intelligence (+8).
   It insulates you from electricity.
   It protects you from poison.
   It affects your resistance to hostile enchantments.
Armour
 w - a +1 hat (worn)
   (You took it off Gastronok on level 10 of the Dungeon)
 y - a +0 shield of fire resistance (worn)
   (You acquired it on level 2 of the Orcish Mines)
 A - a +2 cloak (worn)
   (You found it on level 2 of the Lair of Beasts)
 F - a +2 pair of gloves (worn)
   (You found it on level 4 of the Dungeon)
 Q - the +7 chain mail "Jatinny" (worn) {Slay+6}
   (You bought it in a shop on level 1 of the Orcish Mines)

   It affects your accuracy and damage with ranged weapons and melee attacks
   (+6).
Jewellery
 o - the ring "Deffearo" (right hand) {rElec rPois Str+3 Dex+2 Stlth+, =R}
   (You bought it in a shop on level 5 of the Dungeon)

   [ring of stealth]

   It affects your strength (+3).
   It affects your dexterity (+2).
   It insulates you from electricity.
   It protects you from poison.
   It makes you more stealthy.
 C - a ring of protection from cold (left hand)
   (You found it on level 4 of the Spider Nest)
 E - an uncursed ring of fire
   (You found it on level 3 of the Lair of Beasts)
 M - an uncursed ring of protection from magic
   (You found it on level 10 of the Dungeon)
 N - a +6 amulet of reflection (around neck)
   (You bought it in a shop on level 5 of the Dungeon)
 O - an uncursed ring of protection from cold
   (You found it in an ice cave)
 P - an uncursed amulet of the acrobat
   (You found it on level 5 of the Dungeon)
Wands
 n - a wand of iceblast (25)
   (You found it on level 6 of the Dungeon)
 B - a wand of digging (9)
   (You found it on level 3 of the Lair of Beasts)
 D - a wand of paralysis (16)
   (You found it on level 4 of the Lair of Beasts)
 G - a wand of disintegration (41)
   (You took it off Maurice on level 2 of the Orcish Mines)
 I - a wand of flame (41)
   (You found it on level 1 of the Shoals)
 K - a wand of acid (15)
   (You took it off an orc wizard on level 7 of the Dungeon)
Scrolls
 f - 2 scrolls of identify
 l - a scroll of enchant armour
 m - 6 scrolls of magic mapping
 q - 4 scrolls of immolation {!r}
 r - 10 scrolls of remove curse
 s - 3 scrolls of summoning {!r}
 t - 8 scrolls of teleportation {!r}
 R - a scroll of fog
Potions
 d - 4 potions of heal wounds
 e - 13 potions of curing
 g - a potion of agility
 h - 3 potions of haste
 i - 3 potions of lignification
 j - 7 potions of might
 k - 3 potions of invisibility
 p - 2 potions of mutation {!q}
 u - 5 potions of flight
 v - a potion of cancellation
 x - 2 potions of magic
 z - 4 potions of brilliance
 H - a potion of berserk rage {!q}
 J - 4 potions of degeneration
 L - 5 potions of ambrosia {!q}
 S - a potion of resistance {unknown}
Comestibles
 c - 20 rations

Dungeon Overview and Level Annotations

Branches:
Dungeon (15/15)            Temple (0/1) D:6            Lair (4/6) D:8
 Shoals (4/4) Lair:4       Spider (4/4) Lair:4          Orc (2/2) D:11
    Elf (0/3) Orc:2        Vaults (5/5) D:14         Depths (1/5) D:15
  Crypt: Vaults:2-3

Altars:
Cheibriados
Elyvilon
Fedhas
Gozag
Sif Muna
Trog
Uskayaw
Beogh

Shops:
D:5 =   D:9 *   D:10 ?   Orc:1 [ Orc:2

!=?*( #...# +...# #.(.#
#(..# ###+###
########.^.# ##.....##
.......([..# #...#...#
########([(#####.###.####
#(((##.#D[[#...#.##
#([(()).[@[..<....#
#)((#).#C[[#.(.#..#
#...#.###.###.###.#
#(.(#..#...#...#..#
#...#.............#
#...##.#...#...#.##
#...#####.###.#### #...#
#...#...# #...# ##.....##


You could see a storm dragon and a fire giant.


Message History

You reflect the stone off an invisible shield around you!
The stone hits the ironheart preserver.
A yaktaur comes into view. It is wielding a +0 dagger.
The frost giant hits you but does no damage.
The yaktaur shouts!
Unknown command.
You hit the vault warden.
The vault warden's magic leaks into the air.
You headbutt the vault warden!!
The vault warden is severely wounded.
You slice the frost giant!!
You kill the frost giant!
Trog accepts your kill.
Trog appreciates your killing of a magic user.
You slash the yaktaur captain!
You feel the power of Trog in you as your rage grows.
You kill the yaktaur captain!
Trog accepts your kill.
You slice the fire giant!!
The fire giant's magic leaks into the air.
The stone giant throws a large rock.
You reflect the large rock off an invisible shield around you!
The large rock hits the stone giant!!
The deep elf annihilator gestures wildly while chanting.
The deep elf annihilator blinks!
You open the vault warden like a pillowcase!!!
You kill the vault warden!
Trog accepts your kill.
The runic seals fade away.
You have reached level 19!
You carve the fire giant like a ham!!!
You kill the fire giant!
Trog accepts your kill. Something appears at your feet!
Trog grants you a weapon!
Trog appreciates your killing of a magic user.
You closely miss the storm dragon. You block the vault guard's attack.
The phantasmal warrior blinks!
The tengu reaver mumbles some strange words.
The tengu reaver conjures a globe of magical energy!
You block the vault guard's attack.
A wind drake comes into view.
The ironheart preserver throws a stone.
The stone hits you.
* * * LOW HITPOINT WARNING * * *
A battlesphere comes into view.
MP restored: 6 Unknown command.
The tengu reaver hits you but does no damage.
The deep elf mage gestures wildly while chanting.
The deep elf mage conjures a globe of magical energy!
The storm dragon bites you!
* * * LOW HITPOINT WARNING * * *
You block the storm dragon's attack. x2; The stone giant throws a large rock.
You reflect the large rock off an invisible shield around you!
The large rock hits the stone giant!!
The deep elf annihilator points at you and mumbles some strange words.
The bolt of lightning hits the storm dragon.
The storm dragon completely resists.
The bolt of lightning misses you.
The storm dragon bites you but does no damage.
The storm dragon claws you.
* * * LOW HITPOINT WARNING * * *
The storm dragon tramples you but does no damage.
You climb upwards.
The battlesphere dissipates. x2
You feel a strong urge to attack something.
There is a stone staircase leading down, spattered with blood here.
Unknown command.
You take 22 damage, and have 16/289 hp.
You slice the storm dragon!! You headbutt the storm dragon.
The storm dragon is moderately wounded.
You slice the fire giant!!
The fire giant's magic leaks into the air.
You closely miss the storm dragon.
The fire giant hits you but does no damage.
You block the storm dragon's attack. The storm dragon closely misses you.
You block the storm dragon's attack.
You cut the storm dragon into ribbons!!!
Your headbutt misses the storm dragon.
The storm dragon is severely wounded.
You slash the storm dragon! You hit the fire giant.
The fire giant's magic leaks into the air.
You block the storm dragon's attack. x3
Unknown command.
You barely miss the storm dragon. Your headbutt misses the storm dragon.
The storm dragon is severely wounded.
You slice the fire giant!!
The fire giant's magic leaks into the air.
You slash the storm dragon!
The storm dragon breathes lightning at you.
The bolt of lightning misses you.
Unknown command.
You slice the storm dragon!! You headbutt the storm dragon!
You feel the power of Trog in you as your rage grows.
You kill the storm dragon!
Trog accepts your kill.
The storm dragon scales are intact enough to wear.
You slash the fire giant!
The fire giant's magic leaks into the air.
You slash the storm dragon!
The fire giant hits you with a +0 great sword of flaming!!
You die...

Skill      XL: |  1  2  3  4  5  6  7  8  9 10 11 12 13 14 15 16 17 18 |
---------------+-------------------------------------------------------+-----
Axes           | 4 5 6 7 9 11 13 15 17 18 | 18.0
Fighting       | 4 5 6 7 8 10 11 13 14 16 18 19 21 22 | 22.4
Armour         | 3 4 5 6 8 10 11 12 14 15 16 17 18 | 18.6
Dodging        | 3 4 6 8 10 11 12 13 | 13.9
Shields        | 2 3 4 6 8 10 12 13 14 | 14.8

Action                   |  1- 3 |  4- 6 |  7- 9 | 10-12 | 13-15 | 16-18 | 19-21 || total
-------------------------+-------+-------+-------+-------+-------+-------+-------++-------
Melee: Hand axe          |    19 |    89 |   294 |    54 |       |       |       ||   456
       Headbutt          |     4 |    13 |    66 |    99 |   182 |   251 |     2 ||   617
       War axe           |       |       |       |   295 |       |       |       ||   295
       Broad axe         |       |       |       |   107 |   647 |   795 |     4 ||  1553
       Flail             |       |       |       |       |     2 |       |       ||     2
Invok: Berserk           |     2 |     3 |     5 |    14 |    10 |     9 |       ||    43
       Brothers in Arms  |       |       |       |     3 |     3 |     1 |       ||     7
       Trog's Hand       |       |       |       |     3 |     1 |       |       ||     4
  Use: Scroll            |       |     6 |     3 |     4 |    13 |     9 |       ||    35
       Potion            |       |       |       |       |     2 |       |       ||     2
 Stab: Confused          |       |       |       |       |       |     1 |       ||     1
  Eat: Chunk             |       |     6 |    16 |    27 |    20 |    23 |       ||    92
       Ration            |       |       |       |     2 |     5 |     2 |       ||     9
Armor: Animal skin       |     1 |       |       |       |       |       |       ||     1
       Scale mail        |       |    22 |     5 |       |       |       |       ||    27
       Plate armour      |       |       |   152 |   168 |       |       |       ||   320
       Chain mail        |       |       |       |    45 |   293 |   341 |     4 ||   683
Dodge: Dodged            |    20 |    34 |   120 |   268 |   371 |   389 |     3 ||  1205
Block: Buckler           |       |    12 |    44 |    94 |    10 |       |       ||   160
       Shield            |       |       |       |       |   400 |   703 |    10 ||  1113
       Reflection        |       |       |       |       |       |    51 |     1 ||    52

Levels and vault maps discovered:
D:1:      scummos_arrival_simple_fountains, layout_loops_corners,
          lemuel_old_faithful
D:2:      cheibrodos_fertilizer, layout_basic, uniq_terence, uniq_jessica,
          uniq_sigmund
D:3:      layout_basic, first_ration
D:4:      layout_cave_pools, gammafunk_temple_overflow_elements,
          nzn_random_ring, uniq_crazy_yiuf_cottage
D:5:      layout_loops_corners, nicolae_gozag_cash_rules_everything_around_me,
          elyvilon_altar_4, serial_shops, nicolae_shop_crystal, uniq_eustachio
D:6:      minmay_flawed_box, layout_loops_ring, dancing_weapons_uskayaw,
          lemuel_temple_firewalk_a, serial_bayou_ford_a, uniq_pikel
D:7:      layout_gridville, uniq_duvessa
D:8:      layout_basic, lair_entry_dummy, special_room [special_room_orc],
          grunt_livestock, chequers_serial_rivers_small_b, kennysheep_path_1
D:9:      layout_rooms, marbit_many_paths, serial_shops, shop_statue
D:10:     layout_loops_corners, serial_shops, shop, st_stairs_1, uniq_sonja,
          uniq_grum, uniq_gastronok
D:11:     layout_irregular_city, david_orc_2, uniq_erica
D:12:     layout_basic, portal_ice_cave_entry_imps, grunt_ministairs_6,
          uniq_psyche
D:13:     layout_rooms, pond, uniq_josephine, uniq_erolcha
D:14:     kennysheep_windowed_halls, layout_basic, erik_vaults_1,
          cheibriados_altar_1
D:15:     grunt_enter_depths_giant_problem, layout_long_grid,
          serial_bayou_shore_a
Lair:1:   layout_roguey [special_room_bee]
Lair:2:   layout_concentric_octagons
Lair:3:   layout_chaotic_city, grunt_megastairs_4
Lair:4:   layout_regular_city, elwin_shoals_entry_rooms,
          spider_nest_entry_funnel_web
Shoals:1: layout_shoals, serial_shops, nicolae_shop_waterfront, uniq_kirke,
          uniq_frances
Shoals:2: layout_shoals, nicolae_shoals_undead_eyrie
Shoals:3: layout_shoals
Shoals:4: shoals_end_hangedman, layout_shoals, shoal_ilsuiw, uniq_polyphemus
Spider:1: layout_spider_delve
Spider:2: cheibrodos_forgotten_conduit, special_room
Spider:3: layout_chambers
Spider:4: grunt_spider_rune_circles, zaba_anthell, nicolae_spider_cling_ruins
Orc:1:    layout_caves, serial_shops, nicolae_shop_crystal, enter_bailey_2
Orc:2:    st_orc_ogre_mass, layout_caves, serial_shops, shop,
          nicolae_orc_lost_temple, uniq_maurice, uniq_nessos, uniq_rupert
Vaults:1: vaults_mumra_minichess, nicolae_vaults_stairing_the_circle,
          hangedman_vaults_maws, nicolae_vaults_little_ls,
          hangedman_vaults_stagger, v_misc_1, hangedman_vaults_corner_blocks,
          v_misc_18, nicolae_vaults_little_squares_3, layout_vaults_ring
Vaults:2: ontoclasm_vaults_ligature, nicolae_vaults_branching_niches, v_misc_10,
          ontoclasm_vaults_chip, hangedman_vaults_hat, vaults_room_ringed_pool,
          grunt_vaults_swirl, nicolae_vaults_little_squares_2,
          vaults_dpeg_cross, v_pattern_1, vaults_dpeg_encased_lava,
          layout_vaults_omnibox
Vaults:3: v_misc_12, v_misc_33, minmay_crypt_entry_simple_corners,
          vaults_room_large_hall, nicolae_vaults_little_squares_6,
          grunt_vaults_hallway_short, hangedman_vaults_restitches, v_rooms_3,
          nicolae_vaults_twisting_passages, nicolae_vaults_little_squares_3,
          grunt_vaults_funnel, layout_vaults_maze_bifur, serial_shops, shop,
          shop, nicolae_shop_waterfront
Vaults:4: v_alt_pattern_1, v_misc_10, nicolae_vaults_circle_grid_b,
          vaults_room_door_hall, vaults_standard_mumra_enter_the_diamond,
          vaults_room_large_hall, hangedman_vaults_cutoff,
          grunt_vaults_diagonal, vaults_room_fancy_cross,
          dpeg_vaults_monster_box, nicolae_vaults_three_branches,
          layout_vaults_omnicross
Vaults:5
Depths:1: layout_cave_shapes, rand_demon_pan_entry_4, minmay_misc_feat_x,
          hangedman_coc_ice_floe, minmay_misc_feat_tiny, kennysheep_nub,
          minmay_misc_feat_ornament, kennysheep_cluttered_room,
          minmay_misc_feat_chi, grunt_ministairs_10,
          chequers_serial_rivers_micro_b, feat_on_display
Abyss:1
Abyss:2:  evilmike_abyss_exit_10
Bailey:   bailey_polearm_1, bailey
IceCv:    ice_cave_caverns_01

Notes
Turn   | Place    | Note
-------+----------+-------------------------------------------
     0 | D:1      | Monsterracer the Minotaur Berserker began the quest for the
                  | Orb.
     0 | D:1      | Reached XP level 1. HP: 19/19 MP: 0/0
    37 | D:1      | HP: 10/20 [jackal (3)]
    40 | D:1      | HP: 2/20 [dart slug/slug dart (5)]
   583 | D:1      | Reached XP level 2. HP: 18/27 MP: 1/1
   615 | D:2      | Noticed Jessica
   619 | D:2      | Killed Jessica
   619 | D:2      | Reached skill level 4 in Fighting
   619 | D:2      | Reached XP level 3. HP: 33/33 MP: 2/2
   706 | D:2      | Noticed Sigmund
   708 | D:2      | Noticed Terence
   712 | D:2      | HP: 23/49 [Terence/+2 flail of holy wrath (4)]
   715 | D:2      | Killed Sigmund
   715 | D:2      | Reached skill level 5 in Axes
   715 | D:2      | Reached XP level 4. HP: 17/41 MP: 3/3
   715 | D:2      | Reached XP level 5. HP: 19/47 MP: 4/4
   717 | D:2      | HP: 8/70 [Terence/+2 flail of holy wrath (8)]
   718 | D:2      | Killed Terence
   998 | D:3      | Reached XP level 6. HP: 55/55 MP: 5/5
  1078 | D:3      | Reached ** piety under Trog
  1185 | D:3      | Reached skill level 5 in Fighting
  1185 | D:3      | Reached skill level 1 in Shields
  1655 | D:4      | Reached XP level 7. HP: 50/61 MP: 6/6
  1685 | D:4      | HP: 30/61 [worker ant (5)]
  1733 | D:4      | HP: 29/61 [orc wizard/magic dart (8)]
  1739 | D:4      | HP: 26/61 [orc wizard/+0 dagger (2)]
  1941 | D:4      | Found a deep blue altar of Sif Muna.
  1941 | D:4      | Found a blossoming altar of Fedhas.
  2065 | D:5      | Entered Level 5 of the Dungeon
  2122 | D:5      | Reached skill level 5 in Armour
  2218 | D:5      | Found a white marble altar of Elyvilon.
  2223 | D:5      | Reached *** piety under Trog
  2278 | D:5      | Noticed Eustachio
  2307 | D:5      | Killed Eustachio
  2307 | D:5      | Reached skill level 6 in Fighting
  2307 | D:5      | Reached XP level 8. HP: 59/70 MP: 7/7
  2431 | D:5      | Found an opulent altar of Gozag.
  2776 | D:5      | Found Zeixus's Jewellery Emporium.
  3055 | D:6      | Found a hide-covered altar of Uskayaw.
  3055 | D:6      | Noticed a +0 hand axe
  3058 | D:6      | Noticed a +0 dagger
  3342 | D:6      | Noticed Pikel
  3353 | D:6      | Killed Pikel
  3353 | D:6      | Reached skill level 7 in Fighting
  3490 | D:6      | Got a jewelled whip
  3509 | D:6      | Reached XP level 9. HP: 79/79 MP: 8/8
  3852 | D:7      | Noticed Duvessa
  3853 | D:7      | Noticed Dowan
  3862 | D:7      | Killed Duvessa
  3862 | D:7      | Reached skill level 10 in Axes
  3873 | D:7      | Killed Dowan
  3873 | D:7      | Reached **** piety under Trog
  4141 | D:8      | HP: 38/81 [poisoned by a killer bee]
  4146 | D:8      | HP: 28/81 [poisoned by a killer bee]
  4151 | D:8      | HP: 23/81 [poisoned by a killer bee]
  4156 | D:7      | HP: 20/81 [poisoned by a killer bee]
  4164 | D:7      | HP: 19/81 [poisoned by a killer bee]
  4172 | D:7      | HP: 19/81 [poisoned by a killer bee]
  4448 | D:8      | Reached skill level 8 in Fighting
  4500 | D:8      | Noticed a two-headed ogre
  4508 | D:8      | Killed a two-headed ogre
  4681 | D:8      | Found a staircase to the Lair.
  4936 | D:8      | Reached XP level 10. HP: 83/90 MP: 9/9
  4940 | D:8      | Reached skill level 9 in Fighting
  4946 | D:8      | Reached ***** piety under Trog
  4949 | D:8      | Found a roughly hewn altar of Beogh.
  4952 | D:8      | Received a gift from Trog
  5363 | D:9      | HP: 36/91 [cloud of flame (15)]
  5731 | D:9      | Found Luaz's General Store.
  5738 | D:9      | Bought 2 potions of curing for 84 gold pieces
  5738 | D:9      | Bought a scroll of teleportation for 42 gold pieces
  5803 | D:9      | Found a bloodstained altar of Trog.
  5872 | D:10     | Entered Level 10 of the Dungeon
  5992 | D:10     | Noticed Grum
  5998 | D:10     | Noticed Sonja
  6002 | D:10     | Killed Grum
  6015 | D:10     | Received a gift from Trog
  6020 | D:10     | Cast into level 1 of the Abyss (Sonja)
  6023 | Abyss:1  | Found a corrupted altar of Lugonu.
  6210 | Abyss:1  | HP: 31/93 [lurking horror (28)]
  6218 | Abyss:1  | Noticed a rakshasa
  6224 | Abyss:1  | Noticed a tentacled starspawn
  6225 | Abyss:1  | Noticed a thrashing horror
  6228 | Abyss:1  | HP: 43/93 [thrashing horror (5)]
  6238 | Abyss:2  | Noticed a thrashing horror
  6238 | Abyss:2  | Noticed a thrashing horror
  6245 | Abyss:2  | Killed a thrashing horror
  6257 | Abyss:2  | Killed a thrashing horror
  6257 | Abyss:2  | Reached skill level 10 in Fighting
  6296 | Abyss:2  | HP: 68/139 [ynoxinul (3)]
  6297 | Abyss:2  | Reached skill level 10 in Armour
  6302 | D:10     | Escaped the Abyss
  6303 | D:10     | HP: 45/93 [wolf[Grum] (2)]
  6308 | D:10     | HP: 36/93 [asphyx]
  6309 | D:10     | HP: 17/93 [Sonja/+2 short sword of distortion (18)]
  6309 | D:10     | Killed Sonja
  6309 | D:10     | Reached XP level 11. HP: 19/101 MP: 10/10
  6314 | D:10     | HP: 21/101 [poisoned by Sonja (curare-tipped needle)]
  6320 | D:10     | HP: 27/101 [poisoned by Sonja (curare-tipped needle)]
  6640 | D:10     | Noticed Gastronok
  6655 | D:10     | Killed Gastronok
  6984 | D:10     | Found Amaickut's Magic Scroll Emporium.
  7625 | D:11     | Reached skill level 11 in Fighting
  7723 | D:11     | Noticed Erica
  7724 | D:11     | Found a staircase to the Orcish Mines.
  7735 | D:11     | Killed Erica
  7856 | Orc:1    | Entered Level 1 of the Orcish Mines
  8080 | Orc:1    | Received a gift from Trog
  8104 | Orc:1    | Found Tevesi's Antique Armour Emporium.
  8135 | Orc:1    | Bought a brightly glowing chain mail for 275 gold pieces
  8145 | Orc:1    | Identified the +7 chain mail "Jatinny" {Slay+6} (You bought
                  | it in a shop on level 1 of the Orcish Mines)
  8162 | Orc:1    | Reached skill level 15 in Axes
  8280 | Orc:1    | Found a flagged portal.
  8290 | Bailey   | Entered a bailey
  8482 | Orc:2    | Entered Level 2 of the Orcish Mines
  8482 | Orc:2    | Noticed Nessos
  8482 | Orc:2    | Noticed a stone giant
  8484 | Orc:2    | Noticed an orc knight
  8627 | Orc:2    | Noticed Rupert
  8639 | Orc:2    | HP: 68/153 [Rupert/+0 great sword of protection (15)]
  8642 | Orc:2    | HP: 29/153 [Rupert/+0 great sword of protection (22)]
  8644 | Orc:2    | HP: 8/153 [Rupert/+0 great sword of protection (21)]
  8648 | Orc:2    | Killed Rupert
  8648 | Orc:2    | Reached XP level 12. HP: 9/111 MP: 3/11
  8659 | Orc:2    | HP: 7/111 [orc warrior/+0 hand axe (5)]
  8676 | Orc:2    | HP: 37/112 [warg[an orc knight] (1)]
  8954 | Orc:2    | HP: 46/112 [orc knight/+2 long sword of venom (12)]
  8955 | Orc:2    | Reached skill level 12 in Fighting
  8959 | Orc:2    | HP: 24/112 [poisoned by an orc knight]
  8964 | Orc:2    | HP: 20/112 [poisoned by an orc knight]
  8970 | Orc:2    | HP: 17/112 [poisoned by an orc knight]
  8975 | Orc:2    | HP: 17/112 [poisoned by an orc knight]
  8980 | Orc:2    | HP: 17/112 [poisoned by an orc knight]
  9119 | Orc:2    | HP: 49/112 [stone giant/large rock (7)]
  9346 | Orc:2    | Killed a stone giant
  9564 | Orc:2    | Noticed Maurice
  9572 | Orc:2    | Killed Maurice
  9660 | Orc:2    | Found a roughly hewn altar of Beogh.
  9699 | Orc:2    | Found a staircase to the Elven Halls.
  9735 | Orc:2    | Noticed an ogre mage
  9735 | Orc:2    | Noticed an ogre mage
  9735 | Orc:2    | Noticed a two-headed ogre
  9735 | Orc:2    | Noticed a two-headed ogre
  9736 | Orc:2    | Found Hogusus's Magic Scroll Emporium.
  9736 | Orc:2    | Found Niwolyf's Assorted Antiques.
  9736 | Orc:2    | Noticed a two-headed ogre
  9736 | Orc:2    | Noticed a two-headed ogre
  9736 | Orc:2    | Noticed a two-headed ogre
  9736 | Orc:2    | Noticed a two-headed ogre
  9736 | Orc:2    | Noticed a two-headed ogre
  9737 | Orc:2    | Found Apnoumpix's Distillery.
  9737 | Orc:2    | Found Kaofral's Jewellery Emporium.
  9737 | Orc:2    | Noticed a two-headed ogre
  9737 | Orc:2    | Noticed an ogre mage
  9737 | Orc:2    | Noticed a two-headed ogre
  9737 | Orc:2    | Noticed an ogre mage
  9738 | Orc:2    | Noticed a two-headed ogre
  9753 | Orc:2    | HP: 31/112 [ogre mage/bolt of lightning (29)]
  9758 | Orc:1    | Killed an ogre mage
  9759 | Orc:1    | Killed an ogre mage
 10083 | Orc:2    | Killed a two-headed ogre
 10084 | Orc:2    | Killed a two-headed ogre
 10085 | Orc:2    | Killed a two-headed ogre
 10086 | Orc:2    | Killed a two-headed ogre
 10089 | Orc:2    | Killed a two-headed ogre
 10091 | Orc:2    | Killed a two-headed ogre
 10095 | Orc:2    | Killed an ogre mage
 10096 | Orc:2    | Reached skill level 13 in Fighting
 10101 | Orc:2    | Killed a two-headed ogre
 10102 | Orc:2    | Killed a two-headed ogre
 10238 | Orc:2    | Reached XP level 13. HP: 122/122 MP: 4/12
 10279 | Orc:2    | HP: 56/122 [two-headed ogre/+0 giant club (9)]
 10584 | Orc:2    | Killed Nessos
 10781 | Orc:2    | Bought a potion of heal wounds for 80 gold pieces
 10782 | Orc:2    | Bought a scroll of teleportation for 39 gold pieces
 10783 | Orc:2    | Bought a scroll labeled QUOLEA IDUFEFF for 28 gold pieces
 10783 | Orc:2    | Bought a scroll labeled QODAIB ZESITO for 28 gold pieces
 10902 | Orc:2    | Found Hutaagej's Antique Weapon Shop.
 11177 | D:5      | Bought the ring "Deffearo" {rElec rPois Str+3 Dex+2 Stlth+}
                  | for 554 gold pieces
 11428 | Lair:1   | Entered Level 1 of the Lair of Beasts
 11772 | Lair:2   | Received a gift from Trog
 11807 | Lair:2   | Reached skill level 14 in Fighting
 11815 | Lair:2   | Reached ****** piety under Trog
 11830 | Lair:2   | Reached skill level 5 in Dodging
 12003 | Lair:2   | Reached skill level 5 in Shields
 12125 | Lair:2   | You fall through a shaft!
 13056 | Lair:4   | Found a hole to the Spider Nest.
 13257 | Lair:4   | Found a staircase to the Shoals.
 13583 | Lair:4   | Reached XP level 14. HP: 123/133 MP: 4/13
 13589 | Spider:1 | Entered Level 1 of the Spider Nest
 13619 | Spider:1 | You fall through a shaft!
 13631 | Spider:2 | Reached skill level 15 in Fighting
 13873 | Spider:2 | Received a gift from Trog
 14050 | Spider:3 | Got a tattered robe
 14537 | Spider:3 | Got a dazzling chain mail
 14615 | Spider:4 | Entered Level 4 of the Spider Nest
 14780 | Spider:3 | Identified the +6 chain mail of Fedhas's Indignation {rN++
                  | Int-3} (You found it on level 3 of the Spider Nest)
 15199 | Spider:4 | Noticed an emperor scorpion
 15201 | Spider:4 | HP: 67/136 [tarantella (9)]
 15206 | Spider:4 | HP: 66/136 [jumping spider (2)]
 15209 | Spider:4 | Killed an emperor scorpion
 15209 | Spider:4 | Reached skill level 16 in Fighting
 15442 | Spider:4 | Received a gift from Trog
 15522 | Spider:4 | Noticed an emperor scorpion
 15544 | Spider:4 | Killed an emperor scorpion
 15757 | Spider:4 | Noticed an emperor scorpion
 15780 | Spider:4 | Killed an emperor scorpion
 16007 | Spider:4 | Noticed an emperor scorpion
 16011 | Spider:4 | Noticed an emperor scorpion
 16013 | Spider:4 | Noticed an emperor scorpion
 16021 | Spider:4 | Killed an emperor scorpion
 16021 | Spider:4 | Reached skill level 15 in Armour
 16022 | Spider:4 | Killed a ghost moth
 16022 | Spider:4 | Reached XP level 15. HP: 145/145 MP: 0/14
 16024 | Spider:4 | Killed a ghost moth
 16037 | Spider:4 | Killed a ghost moth
 16167 | Spider:4 | Got a gossamer rune of Zot
 16323 | Spider:2 | Reached skill level 17 in Fighting
 16348 | Spider:2 | HP: 23/147 [disintegration (54)]
 16723 | Spider:2 | HP: 72/147 [wolf spider (6)]
 16732 | Spider:2 | HP: 62/147 [jumping spider (13)]
 17084 | Spider:2 | HP: 57/147 [disintegration (35)]
 17090 | Spider:2 | HP: 16/147 [disintegration (38)]
 17095 | Spider:2 | HP: 15/147 [disintegration (2)]
 17608 | Spider:1 | Received a gift from Trog
 17755 | Spider:1 | Killed a ghost moth
 17852 | Shoals:1 | Entered Level 1 of the Shoals
 17858 | Shoals:1 | Reached skill level 10 in Shields
 17928 | Shoals:1 | Noticed Frances
 17937 | Shoals:1 | Killed Frances
 17976 | Shoals:1 | Received a gift from Trog
 18282 | Shoals:1 | Noticed Kirke
 18293 | Shoals:1 | Reached skill level 18 in Fighting
 18299 | Shoals:1 | Killed Kirke
 18385 | Shoals:2 | Reached skill level 10 in Dodging
 18779 | Shoals:2 | Reached XP level 16. HP: 142/157 MP: 5/15
 18897 | Shoals:2 | HP: 79/158 [poisoned by a sea snake]
 18902 | Shoals:2 | HP: 73/158 [poisoned by a sea snake]
 18907 | Shoals:2 | HP: 69/158 [poisoned by a sea snake]
 18912 | Shoals:2 | HP: 67/158 [poisoned by a sea snake]
 18917 | Shoals:2 | HP: 65/158 [poisoned by a sea snake]
 18922 | Shoals:2 | HP: 65/158 [poisoned by a sea snake]
 18929 | Shoals:2 | HP: 66/158 [poisoned by a sea snake]
 18937 | Shoals:2 | HP: 67/158 [poisoned by a sea snake]
 19516 | Shoals:4 | Entered Level 4 of the Shoals
 19516 | Shoals:4 | Noticed Ilsuiw
 19632 | Shoals:3 | Received a gift from Trog
 19635 | Shoals:3 | Got a brightly glowing war axe {god gift}
 19636 | Shoals:3 | Identified the +12 war axe "Fesumug" {holy, rElec rPois MR-
                  | Int+8} (Trog gifted it to you on level 3 of the Shoals)
 19776 | Shoals:3 | Killed Ilsuiw
 20130 | Shoals:4 | Noticed a kraken
 20161 | Shoals:4 | HP: 68/159 [merfolk javelineer/silver javelin (17)]
 20171 | Shoals:4 | HP: 100/238 [merfolk javelineer/silver javelin (7)]
 20172 | Shoals:4 | Killed a kraken
 20176 | Shoals:4 | HP: 78/238 [merfolk impaler/+4 trident of protection (17)]
 20266 | Shoals:4 | Got a barnacled rune of Zot
 20347 | Shoals:2 | HP: 74/159 [faun/stone (15)]
 20352 | Shoals:2 | Reached skill level 19 in Fighting
 20812 | D:12     | Found a frozen archway.
 20845 | IceCv    | Entered an ice cave
 21267 | IceCv    | Received a gift from Trog
 21289 | IceCv    | Got a fine robe
 21482 | D:13     | Noticed Erolcha
 21485 | D:13     | Killed Erolcha
 21597 | D:13     | Noticed Josephine
 21616 | D:13     | Killed Josephine
 21617 | D:13     | Received a gift from Trog
 21948 | D:14     | Reached XP level 17. HP: 167/169 MP: 5/16
 22056 | D:14     | Found a gate to the Vaults.
 22056 | D:14     | Found a snail-covered altar of Cheibriados.
 22460 | D:5      | Bought a +6 amulet of reflection for 702 gold pieces
 22662 | D:15     | Entered Level 15 of the Dungeon
 22778 | D:15     | Found a staircase to the Depths.
 22782 | D:15     | Received a gift from Trog
 22810 | D:15     | HP: 79/170 [fire giant/fireball (12)]
 22818 | D:15     | HP: 59/170 [fire giant/fireball (23)]
 22962 | D:15     | Reached skill level 20 in Fighting
 23195 | Depths:1 | Entered Level 1 of the Depths
 23668 | Vaults:1 | Entered Level 1 of the Vaults
 23713 | Vaults:1 | Paralysed by a floating eye for 3 turns
 23754 | Vaults:1 | Received a gift from Trog
 23763 | Vaults:1 | HP: 81/172 [two-headed ogre/+0 giant club (15)]
 23768 | Vaults:1 | HP: 75/172 [ogre mage/bolt of lightning (8)]
 23786 | Vaults:1 | HP: 75/172 [two-headed ogre/+0 giant club (1)]
 24613 | Vaults:3 | HP: 86/172 [??? (84)]
 24904 | Vaults:3 | Reached skill level 21 in Fighting
 25079 | Vaults:4 | Reached XP level 18. HP: 178/182 MP: 5/17
 25226 | Vaults:5 | Entered Level 5 of the Vaults
 25235 | Vaults:5 | Noticed a lich
 25432 | Vaults:5 | Noticed a golden dragon
 25434 | Vaults:5 | Noticed a tentacled monstrosity
 25437 | Vaults:5 | Received a gift from Trog
 25451 | Vaults:5 | Killed a lich
 25454 | Vaults:5 | Killed a golden dragon
 25458 | Vaults:5 | HP: 133/276 [white very ugly thing (13)]
 25462 | Vaults:5 | Killed a tentacled monstrosity
 25462 | Vaults:5 | Reached skill level 22 in Fighting
 25463 | Vaults:5 | Noticed a tentacled monstrosity
 25682 | Vaults:5 | HP: 126/276 [titan/the air (18)]
 25685 | Vaults:5 | Killed a tentacled monstrosity
 25687 | Vaults:5 | HP: 82/276 [cyan ugly thing (1)]
 25692 | Vaults:5 | HP: 56/276 [fire giant/+1 great sword of flaming (9)]
 25695 | Vaults:5 | Noticed a tentacled monstrosity
 25697 | Vaults:5 | Reached XP level 19. HP: 39/193 MP: 6/18
 25697 | Vaults:5 | Received a gift from Trog
 25697 | Vaults:5 | HP: 38/289 [ironheart preserver/stone (1)]
 25698 | Vaults:5 | HP: 15/289 [storm dragon (6)]
 25703 | Vaults:4 | Mangled by a fire giant

Vanquished Creatures
  A golden dragon (Vaults:5)
  2 tentacled monstrosities (Vaults:5)
  A lich (Vaults:5)
  Rupert (Orc:2)
  2 titans (Vaults:5)
  A kraken (Shoals:4)
  Gastronok (D:10)
  Frances (Shoals:1)
  2 sphinxes (Vaults:4 Vaults:5)
  A shadow dragon (Vaults:5)
  2 storm dragons (Vaults:5 Vaults:4)
  A tengu reaver (Vaults:5)
  Kirke (Shoals:1)
  Ilsuiw (Shoals:3)
  2 frost giants (IceCv Vaults:5)
  2 fire giants (D:15 Vaults:5)
  4 ghost moths (Spider:4 Spider:1)
  5 emperor scorpions (Spider:4 Spider:1)
  3 vault wardens (Vaults:1 Vaults:2 Vaults:5)
  3 ironheart preservers (Vaults:1 Vaults:5)
  4 very ugly things (Vaults:1 Vaults:4 Vaults:5)
  5 stone giants (Orc:2 Depths:1 Vaults:4 Vaults:5)
  Nessos (Orc:2)
  An entropy weaver (Spider:2)
  3 spark wasps (Spider:4 Spider:2)
  An ettin (Depths:1)
  6 merfolk javelineers (Shoals:4)
  4 merfolk impalers (Shoals:1 Shoals:2 Shoals:4)
  Josephine (D:13)
  3 deep elf high priests (Vaults:5)
  4 yaktaur captains (Vaults:2 Vaults:4 Vaults:5)
  3 rakshasas (Vaults:1)
  Erolcha (D:13)
  2 ice dragons (Vaults:3 Vaults:5)
  Erica (D:11)
  23 vault guards (Vaults:1 Vaults:5 Vaults:4)
  3 hydras (Lair:3 D:13)
  A catoblepas (D:14)
  An alligator snapping turtle (Shoals:1)
  25 two-headed ogres (D:8 Orc:2 D:15 Vaults:1 Vaults:4)
  A merfolk aquamancer (Shoals:3)
  A satyr (shapeshifter) (Vaults:5)
  5 centaur warriors (D:14 D:15 Depths:1 Vaults:1 Vaults:4)
  2 dancing weapons (D:14)
  2 tengu warriors (D:14)
  2 death yaks (IceCv)
  A thrashing horror (Abyss:2)
  3 deep troll earth magi (Vaults:1 Vaults:5)
  6 ogre magi (Orc:1 Orc:2 Vaults:1)
  A deep elf knight (Vaults:3)
  10 sea snakes (Shoals:1 Shoals:2 Shoals:3)
  6 deep trolls (Vaults:1 Vaults:5)
  2 large abominations (Vaults:5)
  4 unseen horrors (D:14 D:15 Vaults:1)
  4 wizards (D:12 D:15 Vaults:3)
  2 deep elf archers (Vaults:3 Vaults:4)
  A flayed ghost (Vaults:4)
  3 necromancers (Vaults:3)
  17 orb spiders (Spider:3 Spider:4 Spider:2 Spider:1)
  A phantasmal warrior (Vaults:5)
  Pikel (D:6)
  6 ironbrand convokers (Vaults:1 Vaults:3)
  An orc sorcerer (Vaults:4)
  11 harpies (Shoals:1 Shoals:2 Shoals:4)
  8 ugly things (D:13 D:14 Vaults:5)
  6 orc knights (Orc:2 D:14 Vaults:1 Vaults:3 Vaults:4)
  2 tengu skeletons (Vaults:3)
  A manticore (shapeshifter) (Vaults:4)
  17 wolf spiders (Spider:2 Spider:3 Spider:4 Vaults:3 Vaults:5)
  5 deep elf magi (D:15 Vaults:3)
  10 fauns (Shoals:1 Shoals:2 Shoals:3)
  4 manticores (Shoals:1 Shoals:4 D:14)
  4 cyclopes (D:13 Vaults:1 Vaults:2)
  A centaur zombie (D:14)
  A moth of wrath (Spider:3)
  4 vault sentinels (Vaults:1 Vaults:4 Vaults:5)
  Maurice (Orc:2)
  7 merfolk sirens (Shoals:1 Shoals:2 Shoals:3)
  A torpor snail (Spider:3)
  A water nymph (Shoals:3)
  An ice statue (IceCv)
  A kobold demonologist (D:15)
  A komodo dragon (shapeshifter) (Vaults:4)
  6 spiny frogs (Lair:1 Lair:2 Lair:4)
  3 centaur skeletons (D:14 D:15)
  11 demonic crawlers (Abyss:2 Spider:2)
  A freezing wraith (Vaults:5)
  2 komodo dragons (Lair:1 Lair:4)
  5 yaktaurs (Vaults:2 Vaults:3)
  A tengu conjurer (D:14)
  15 polar bears (IceCv)
  6 merfolk (Shoals:1 Shoals:3 Shoals:4)
  20 jumping spiders (Spider:1 Spider:2 Spider:3 Spider:4)
  3 trolls (D:11 Orc:2 D:15)
  3 harpy zombies (Shoals:2)
  2 hornets (Spider:3 Vaults:1)
  15 blink frogs (Lair:2 Lair:3 Lair:4)
  9 slime creatures (D:13 Vaults:1)
  2 snapping turtles (Shoals:2 Shoals:4)
  A stone giant simulacrum (Vaults:3)
  4 dream sheep (Shoals:2)
  Sigmund (D:2)
  A human simulacrum (Vaults:3)
  7 hippogriffs (D:11 Lair:2 Lair:3 Shoals:1 D:13)
  46 redbacks (Lair:4 Spider:1 Spider:2 Spider:3 Spider:4)
  2 centaur simulacra (D:14)
  A yak (shapeshifter) (Vaults:1)
  A ynoxinul (Abyss:2)
  29 tarantellas (Spider:1 Spider:2 Spider:3 Spider:4)
  3 water elementals (Shoals:1 Shoals:3 D:15)
  7 wraiths (D:10 D:11 D:13)
  2 basilisks (Lair:2 Lair:4)
  A hog (shapeshifter) (Vaults:4)
  A wyvern (shapeshifter) (Vaults:1)
  A steam dragon (D:10)
  44 yaks (D:11 Lair:1 Lair:2 IceCv D:14)
  5 hogs (Shoals:1)
  Eustachio (D:5)
  15 vampire mosquitoes (D:13)
  Grum (D:10)
  4 wargs (Orc:1 Orc:2)
  5 insubstantial wisps (Abyss:1 D:13)
  2 soldier ants (D:13)
  5 water moccasins (Lair:1 Lair:2 Lair:3 Lair:4)
  Duvessa (D:7)
  A deep troll skeleton (Vaults:3)
  2 sky beasts (D:9 D:12)
  A swamp drake (D:13)
  21 orc warriors (D:8 D:11 Orc:1 Orc:2 D:13)
  4 porcupines (Lair:2 Lair:3 Lair:4)
  2 ice beasts (D:6 D:10)
  A necrophage (D:9)
  2 slaves (D:6)
  A black bear (D:9)
  2 phantoms (D:3 D:4)
  An eye of draining (D:12)
  3 boggarts (Vaults:1)
  32 ogres (D:4 D:8 D:10 Orc:1 Orc:2)
  24 wolves (D:10 Lair:3 IceCv)
  18 centaurs (D:5 D:6 D:8 D:9 D:10)
  8 crocodiles (D:8 Lair:1 Lair:3 Lair:4 D:12)
  A hippogriff zombie (Shoals:2)
  2 big kobolds (D:10)
  A human zombie (Vaults:3)
  11 bullfrogs (D:8 D:10 D:11 Lair:2 Lair:3)
  Dowan (D:7)
  A human skeleton (Vaults:3)
  A wyvern skeleton (D:12)
  3 scorpions (D:8 D:9)
  9 killer bees (D:8 D:9 D:13)
  10 wights (D:11 D:12)
  7 howler monkeys (D:5 D:8 D:9)
  An electric eel (Lair:4)
  5 crimson imps (D:4 D:5 D:8 D:15)
  3 hounds (D:5 D:8 D:13)
  4 jellies (D:5 D:6 D:8 D:12)
  22 orc wizards (D:3 D:4 D:6 D:7 D:8)
  18 orc priests (D:7 D:8 D:10 Orc:1 Orc:2)
  4 bullfrog skeletons (D:5 D:9 D:13)
  Jessica (D:2)
  5 iguanas (D:5 D:8 D:11 D:13)
  Terence (D:2)
  9 worker ants (D:4 D:9 D:11 D:12 D:14)
  A hound zombie (D:8)
  4 gnolls (D:5)
  7 adders (D:2 D:5 D:8 D:11 D:12)
  A howler monkey skeleton (D:9)
  4 shadow imps (D:5 D:8 D:11)
  12 white imps (D:12)
  An ooze (D:5)
  A worm (D:3)
  2 dart slugs (D:1 D:3)
  6 leopard geckos (D:1 D:3 D:4 D:8 D:10)
  100 orcs (D:3 D:4 D:7 D:8 D:9)
  A giant cockroach (D:3)
  2 goblins (D:3)
  2 hobgoblins (D:2 D:3)
  11 jackals (D:1 D:5 D:7 D:8)
  14 kobolds (D:3 D:10 D:15)
  3 quokkas (D:6 D:8 D:11)
  2 bats (D:3)
  A frilled lizard (D:3)
  A jackal skeleton (D:4)
  2 leopard gecko skeletons (D:5)
  2 rats (D:1 D:3)
  2 crawling corpses (Vaults:5)
  2 plants (Shoals:3 Shoals:2)
  A tentacle (Shoals:4)
1022 creatures vanquished.

Vanquished Creatures (collateral kills)
  An emperor scorpion (Spider:4)
  A merfolk avatar (Shoals:4)
  2 two-headed ogres (Orc:2)
  A thrashing horror (Abyss:2)
  Sonja (D:10)
  An orb spider (Spider:2)
  3 jumping spiders (Spider:2 Spider:4)
  2 tarantellas (Spider:4)
  3 orc warriors (Orc:2)
  A wolf (D:10)
  An orc priest (Orc:2)
  2 orcs (Orc:2)
  2 tentacles (Shoals:4)
21 creatures vanquished.

Vanquished Creatures (others)
  An emperor scorpion (Spider:4)
  A deep elf high priest (Vaults:5)
  A vault guard (Vaults:5)
  A vault sentinel (Vaults:1)
  A yaktaur (Vaults:3)
  A redback (Spider:2)
  A boggart (Vaults:1)
  2 centaurs (Vaults:4)
  A wight (D:12)
  A quokka (D:5)
  A bat (D:1)
  3 fungi (Lair:2 Lair:3 Lair:4)
  A lurking horror (Abyss:1)
  16 plants (Lair:2 Shoals:2 Shoals:3)
  4 starspawn tentacles (Abyss:1 Abyss:2)
  13 tentacles (Shoals:4)
  7 toadstools (D:2)
56 creatures vanquished.

Grand Total: 1099 creatures vanquished

Table legend:
 A = Turns spent in this place as a percentage of turns spent in the entire game.
 B = Non-inter-level travel turns spent in this place as a percentage of non-inter-level travel turns spent in the entire game.
 C = Inter-level travel turns spent in this place as a percentage of turns spent in this place.
 D = Turns resting spent in this place as a percentage of non-inter-level travel turns spent in this place.
 E = Turns spent auto-exploring this place as a percentage of non-inter-level travel turns spent in this place.
 F = Non-inter-level travel turns spent in this place divided by the number of levels of this place that you've seen.
                   A       B       C       D       E      F
               +-------+-------+-------+-------+-------+----------------------
         Total | 100.0 | 100.0 |   6.6 |  27.6 |  49.6 | 615.8
       Dungeon |  41.6 |  39.9 |  10.4 |  16.6 |  62.7 | 638.3
          Lair |   9.0 |   8.9 |   7.6 |   2.6 |  80.5 | 531.8
        Shoals |  10.3 |  10.3 |   6.0 |  48.6 |  24.1 | 619.5
   Spider Nest |  16.4 |  16.7 |   4.9 |  38.5 |  37.3 | 1000.0
  Orcish Mines |  12.0 |  12.7 |   1.3 |  46.2 |  37.2 | 1522.5
        Vaults |   7.0 |   7.5 |   0.1 |  41.5 |  26.0 | 359.0
        Depths |   0.4 |   0.4 |   0.0 |  80.6 |   0.0 |  93.0
         Abyss |   1.1 |   1.2 |   0.0 |   3.9 |  48.9 | 141.0
        Bailey |   0.3 |   0.3 |   0.0 |   0.0 |  14.5 |  69.0
      Ice Cave |   2.2 |   2.3 |   0.0 |   0.0 |  66.9 | 553.0
               +-------+-------+-------+-------+-------+----------------------

Table legend:
 A = Non-vault XP
 B = Vault XP
 C = Vault XP percentage of total XP
 D = Non-vault monster count
 E = Vault monster count
 F = Vault count percentage of total count
                 A         B        C        D         E       F
            +---------+---------+-------+---------+---------+-------
      Total |  201219 |  180621 |  47.3 |     717 |     325 |  31.2
            +---------+---------+-------+---------+---------+-------
        D:1 |      12 |       0 |   0.0 |       5 |       0 |   0.0
        D:2 |      15 |     311 |  95.4 |       2 |       3 |  60.0
        D:3 |     231 |       0 |   0.0 |      27 |       0 |   0.0
        D:4 |     315 |     160 |  33.7 |      11 |       4 |  26.7
        D:5 |     578 |     182 |  23.9 |      24 |       1 |   4.0
        D:6 |     288 |     851 |  74.7 |       4 |       7 |  63.6
        D:7 |      92 |     220 |  70.5 |       7 |       2 |  22.2
        D:8 |    2557 |     236 |   8.4 |      32 |      24 |  42.9
        D:9 |     926 |       0 |   0.0 |      18 |       0 |   0.0
       D:10 |    1216 |    3705 |  75.3 |      31 |       9 |  22.5
       D:11 |    2184 |     985 |  31.1 |      25 |       6 |  19.4
       D:12 |    1370 |     278 |  16.9 |      10 |      14 |  58.3
       D:13 |    8313 |    4164 |  33.4 |      42 |      13 |  23.6
       D:14 |   11421 |    2550 |  18.3 |      32 |       4 |  11.1
       D:15 |    6489 |    1572 |  19.5 |      21 |       1 |   4.5
     Lair:1 |    2021 |       0 |   0.0 |       9 |       0 |   0.0
     Lair:2 |    5613 |       0 |   0.0 |      24 |       0 |   0.0
     Lair:3 |    5146 |     159 |   3.0 |      22 |       1 |   4.3
     Lair:4 |    2904 |    1115 |  27.7 |      13 |       5 |  27.8
   Shoals:1 |   11406 |    5190 |  31.3 |      20 |       7 |  25.9
   Shoals:2 |   10715 |    1029 |   8.8 |      22 |       4 |  15.4
   Shoals:3 |    7051 |    2825 |  28.6 |      13 |       2 |  13.3
   Shoals:4 |    2542 |   11885 |  82.4 |       5 |      12 |  70.6
   Spider:1 |    8447 |       0 |   0.0 |      23 |       0 |   0.0
   Spider:2 |   17088 |    4668 |  21.5 |      47 |       8 |  14.5
   Spider:3 |    7187 |       0 |   0.0 |      23 |       0 |   0.0
   Spider:4 |    8914 |   20743 |  69.9 |      25 |      30 |  54.5
      Orc:1 |    1353 |    1910 |  58.5 |      24 |       2 |   7.7
      Orc:2 |    4603 |   22173 |  82.8 |      46 |      41 |  47.1
   Vaults:1 |   19444 |   11467 |  37.1 |      31 |      16 |  34.0
   Vaults:2 |    4827 |       0 |   0.0 |       7 |       0 |   0.0
   Vaults:3 |    7301 |    5560 |  43.2 |      16 |       9 |  36.0
   Vaults:4 |   16852 |    8065 |  32.4 |      28 |       8 |  22.2
   Vaults:5 |   18402 |   51413 |  73.6 |      19 |      34 |  64.2
   Depths:1 |     964 |    2503 |  72.2 |       1 |       2 |  66.7
    Abyss:1 |     658 |       0 |   0.0 |       4 |       0 |   0.0
    Abyss:2 |    1774 |       0 |   0.0 |       4 |       0 |   0.0
      IceCv |       0 |   14702 | 100.0 |       0 |      56 | 100.0
            +---------+---------+-------+---------+---------+-------
